 Dungeon Crawl Stone Soup version 0.27.0-1-g7a089689b8 (webtiles) character file.

Game seed: 12007655451533569256

23 pkoi the Insei (level 2, 0/26 HPs)
             Began as a Draconian Monk on Aug 12, 2021.
             Slain by an endoplasm (1 damage)
             ... on level 1 of the Dungeon.
             The game lasted 00:00:27 (534 turns).

pkoi the Insei (Draconian Monk)                      Turns: 534, Time: 00:00:28

Health: 0/26       AC:  4    Str: 13    XL:     2   Next: 72%
Magic:  2/2        EV: 12    Int: 10    God:
Gold:   7          SH:  0    Dex: 13    Spells: 1/1 levels left

rFire    . . .     SeeInvis .     - Unarmed
rCold    . . .     Faith    .   (no shield)
rNeg     . . .     Spirit   .   (armour unavailable)
rPois    .         Reflect  .   (helmet restricted)
rElec    .         Harm     .   (no cloak)
rCorr    .         Rampage  .   (no gloves)
Will     .....                  (no boots)
Stlth    ++........             (no amulet)
HPRegen  0.08/turn              (no ring)
MPRegen  0.08/turn              (no ring)

@: flying, slowed, very slow
A: AC +4, unfitting armour, cold-blooded
a: no special abilities


You were on level 1 of the Dungeon.
You visited 1 branch of the dungeon, and saw 1 of its levels.

You collected 7 gold pieces.

Inventory:

Scrolls
 a - 4 scrolls of amnesia {unknown}


   Skills:
 - Level 3.2 Fighting
 - Level 2.6 Dodging
 - Level 1.7 Stealth
 + Level 4.0 Unarmed Combat


You had one spell level left.
You didn't know any spells.
Your spell library was empty.

Dungeon Overview and Level Annotations

Branches:
Dungeon (1/15)

Altars:


Innate Abilities, Weirdness & Mutations

Your plain brown scales are hard. (AC +4)
You cannot fit into any form of body armour.
You are cold-blooded and may be slowed by cold attacks.


Message History

Unknown command.
The quokka closely misses you. The quokka bites you.
A jackal and an endoplasm come into view.
You are too injured to fight recklessly!
You hit the goblin but do no damage. The goblin hits you with a +0 club.
You hit the goblin.
You kill the goblin!
Your Unarmed Combat skill increases to level 4!
You closely miss the quokka.
Your tail-slap misses the quokka.
The quokka completely misses you.
You miss the quokka. The quokka misses you.
You barely miss the quokka. You tail-slap the quokka.
The quokka is almost dead.
The quokka bites you.
* * * LOW HITPOINT WARNING * * *
You hit the quokka.
You kill the quokka!
You barely miss the goblin.
Your tail-slap misses the goblin.
The goblin barely misses you.
You barely miss the goblin.
The jackal barks!
You hear a bark!
You hear a shout!
The goblin barely misses you.
You hit the goblin.
You kill the goblin!
The endoplasm freezes you.
You are frozen.
* * * LOW HITPOINT WARNING * * *
You feel yourself slow down.
You hit the dart slug.
The dart slug is heavily wounded.
The endoplasm hits you but does no damage.
The endoplasm hits you.
* * * LOW HITPOINT WARNING * * *
The dart slug launches a dart at you.
The slug dart hits you but does no damage.
It was a potion of flight.
You feel very buoyant.
You fly up into the air.
The endoplasm hits you.
You die...

..................†).#######
....................)........
....................###.####.
#........#......#### #.# #.
#........#..##### #.# #.
#.......†....# #.# ## #
#..>.........# #.#
#.######.#...#.#w#...# #.#
#......$.....#.#@#+#+# #.#
##...........#.J......
...+....w......#.h......
#...).........#........
..?#..######.########.## #!
#.. #.# .# .... #.# # ?##..
#.# . #.. #.#


You could see a dart slug, an endoplasm and a jackal.

Vanquished Creatures
  A bat (D:1)
  An endoplasm (D:1)
  5 goblins (D:1)
  A hobgoblin (D:1)
  2 jackals (D:1)
  3 quokkas (D:1)
  A ball python (D:1)
  3 kobolds (D:1)
  3 rats (D:1)
20 creatures vanquished.

Notes
Turn   | Place    | Note
-------+----------+-------------------------------------------
     0 | D:1      | pkoi the Draconian Monk began the quest for the Orb.
     0 | D:1      | Reached XP level 1. HP: 19/19 MP: 1/1
   260 | D:1      | Reached XP level 2. HP: 22/26 MP: 2/2
   526 | D:1      | Reached skill level 4 in Unarmed Combat
   533 | D:1      | HP: 1/26 [endoplasm (1)]
   534 | D:1      | Slain by an endoplasm

Illustrated notes

Levels and vault maps discovered:
D:1:      minmay_arrival_cross, layout_basic,
          shapermc_ecumenical_altar_notcrosses, minmay_tall_x

Skill      XL: |  1  2 |
---------------+-------+-----
Unarmed Combat | 4 |  4.0
Fighting       | |  3.2
Dodging        | |  2.6
Stealth        | |  1.7

Action                   || total
-------------------------++-------
Melee: Unarmed           ||    79
       Tailslap          ||     7
       Punch             ||     1
  Use: Potion            ||     1
 Stab: Sleeping          ||     1
Armor: Skin              ||    29
Dodge: Dodged            ||    64
